 Dungeon Crawl Stone Soup version 0.16.1 (webtiles) character file.

95 Fiveotanaka the Ruffian (level 4, -1/39 HPs)
             Began as a Troll Summoner on Mar 24, 2015.
             Slain by Tomod's ghost (12 damage)
             ... in a sewer.
             The game lasted 00:06:29 (1492 turns).

Fiveotanaka the Ruffian (Troll Summoner)            Turns: 1492, Time: 00:06:29

Health: -1/39      AC:  5    Str: 16    XL:     4   Next: 40%
Magic:  4/4        EV: 10    Int: 11    God:
Gold:   44         SH:  0    Dex: 11    Spells: 1 memorised, 4 levels left

rFire  . . .     SeeInvis .       - Unarmed
rCold  . . .     Clarity  .     a - +0 robe
rNeg   . . .     SustAb   .     (shield restricted)
rPois  .         Gourm    +     (helmet restricted)
rElec  .         Spirit   .     (no cloak)
rCorr  .         Warding  .     (gloves unavailable)
rMut   .         Stasis   .     (boots unavailable)
MR     .....                    (no amulet)
Stlth  +.........               (no ring)
                                (no ring)

@: not resistant to hostile enchantments, very unstealthy
A: unfitting armour, claws 3, fast metabolism 3, gourmand, regeneration 2,
shaggy fur 1, tough skin 2
a: no special abilities


You were in a sewer.
You were very full.

You visited 1 branch of the dungeon, and saw 3 of its levels.
You also visited: Sewer.

You collected 44 gold pieces.

Inventory:

Missiles
 h - a throwing net (quivered)
 k - 61 stones
Armour
 a - a +0 robe (worn)
Magical devices
 u - a wand of magic darts (39)
Scrolls
 e - 2 scrolls of identify
 i - a scroll of remove curse
 m - a scroll of random uselessness {unknown}
 n - a scroll of teleportation {unknown}
 o - a scroll of fog {unknown}
 q - 4 scrolls of amnesia {unknown}
 s - 2 scrolls of enchant weapon {unknown}
Potions
 j - a potion of agility {unknown}
 l - a potion of resistance {unknown}
 p - a potion of magic {unknown}
 r - a potion of invisibility {unknown}
 t - a potion of mutation {unknown}
Books
 b - a book of Callings

   Spells                             Type                      Level
   a - Summon Small Mammal            Summoning                    1
   b - Call Imp                       Summoning                    2
   c - Call Canine Familiar           Summoning                    3
   d - Summon Guardian Golem          Hexes/Summoning              4
   e - Summon Lightning Spire         Summoning/Air                4
   f - Summon Ice Beast               Ice/Summoning                4
Comestibles
 c - 3 meat rations
 d - a beef jerky
 f - 2 bread rations


   Skills:
 - Level 1.5 Dodging
 - Level 1.1 Stealth
 + Level 4.1 Unarmed Combat
 - Level 1.2 Spellcasting
 - Level 2.9 Summonings


You had 4 spell levels left.
You knew the following spells:

 Your Spells              Type           Power        Failure   Level  Hunger
a - Summon Small Mammal   Summ           #...         12%         1    ##.....


Dungeon Overview and Level Annotations

Branches:
Dungeon (3/15)

Altars:

Annotations:
Sewer Tomod's ghost, average GrBe


Innate Abilities, Weirdness & Mutations

You are too large for most types of armour.
You have claws for hands.
Your metabolism is lightning-fast.
You like to eat raw meat.
You heal very quickly.
You are covered in fur (AC +1).
You have very tough skin (AC +2).


Message History

Tomod's ghost hits you!
You scratch Tomod's ghost but do no damage.
Tomod's ghost is heavily damaged.
Tomod's ghost hits you.
You scratch Tomod's ghost!
Tomod's ghost is severely damaged.
Tomod's ghost closely misses you.
You scratch Tomod's ghost but do no damage.
Tomod's ghost is severely damaged.
Tomod's ghost laughs, "And you think you're capable of finding the ORB?
I had it, you know.
Then I gave it away so I could steal it AGAIN."
Tomod's ghost hits you.
* * * LOW HITPOINT WARNING * * *
A rat comes into view.
You scratch Tomod's ghost!
Tomod's ghost is almost destroyed.
Tomod's ghost closely misses you.
The rat moves out of view.
You scratch Tomod's ghost but do no damage.
Tomod's ghost is almost destroyed.
Tomod's ghost hits you!
You die...

. .. ....
..... ###
≈W.... #∩#
≈.....###.#
≈≈......#@.#
≈≈......W.##
≈........##
.≈.....##
≈≈.....
≈≈≈....
≈≈.... ≈...#
..#


You could see Tomod's ghost.

Vanquished Creatures
  6 adders
  An orc (D:3)
  A giant cockroach (D:1)
  5 hobgoblins
  7 kobolds
  9 bats
  A giant newt (D:3)
  5 goblins
  6 rats
41 creatures vanquished.

Notes
Turn   | Place    | Note
--------------------------------------------------------------
     0 | D:1      | Fiveotanaka, the Troll Summoner, began the quest for the Orb.
     0 | D:1      | Reached XP level 1. HP: 16/16 MP: 2/2
    22 | D:1      | Reached skill level 1 in Unarmed Combat
   141 | D:1      | Reached XP level 2. HP: 24/24 MP: 2/2
   584 | D:2      | Reached XP level 3. HP: 21/31 MP: 3/3
   810 | D:2      | Reached skill level 3 in Unarmed Combat
   936 | D:2      | Reached XP level 4. HP: 39/39 MP: 4/4
  1228 | D:3      | Reached skill level 4 in Unarmed Combat
  1455 | D:3      | Found a glowing drain.
  1460 | Sewer    | Entered a sewer
  1463 | Sewer    | Noticed Tomod's ghost (average GrBe)
  1492 | Sewer    | Slain by Tomod's ghost

Action                   |  1- 3 |  4- 6 || total
-------------------------+-------+-------++-------
Melee: Unarmed           |    91 |    42 ||   133
  Use: Scroll            |       |     2 ||     2
       Potion            |       |     2 ||     2
  Eat: Chunk             |    13 |     4 ||    17
